 Dungeon Crawl Stone Soup version 0.17-a0-1020-ge683cc4 (console) character file.

116 Monkaria the Slasher (level 4, -1/37 HPs)
             Began as a Demonspawn Chaos Knight on May 14, 2015.
             Slain by Tarnath's ghost (10 damage)
             ... on level 3 of the Dungeon.
             The game lasted 00:02:20 (1509 turns).

Monkaria the Slasher (Demonspawn Chaos Knight)      Turns: 1509, Time: 00:02:22

Health: -1/37      AC:  7    Str: 13    XL:     4   Next: 69%
Magic:  4/4        EV: 10    Int: 13    God:    Xom [.....*]
Gold:   214        SH:  0    Dex: 13    Spells: 0 memorised, 3 levels left

rFire  . . .     SeeInvis .     a - +0 falchion (chaos)
rCold  + . .     Rnd*Rage +     i - +2 ring mail {rC+}
rNeg   . . .     SustAb   .     (no shield)
rPois  .         Gourm    .     (no helmet)
rElec  .         Spirit   .     (no cloak)
rCorr  .         Warding  .     (no gloves)
rMut   .         Stasis   .     (no boots)
MR     +....                    (no amulet)
Stlth  ..........               (no ring)
                                h - ring of protection from magic

@: somewhat resistant to hostile enchantments, extremely unstealthy
A: hooves 1, berserk 1, high mp 1, spiny 1
a: Renounce Religion


You were on level 3 of the Dungeon.
You worshipped Xom.
You were Xom's teddy bear.
You were not hungry.

You visited 1 branch of the dungeon, and saw 3 of its levels.

You collected 214 gold pieces.

Inventory:

Hand weapons
 a - a +0 falchion of chaos (weapon)
 s - a +0 blowgun
Missiles
 e - 15 poisoned needles
Armour
 i - a +2 ring mail of cold resistance (worn)
Jewellery
 h - a ring of protection from magic (left hand)
Scrolls
 b - 2 scrolls of recharging {unknown}
 f - 3 scrolls of remove curse {unknown}
 g - a scroll of fear {unknown}
 j - 3 scrolls of identify {unknown}
 m - a scroll of teleportation {unknown}
 n - a scroll of fog {unknown}
Potions
 l - a potion of curing {unknown}
 o - a potion of resistance {unknown}
 p - a potion of heal wounds {unknown}
 q - a potion of poison {unknown}
Comestibles
 c - 3 bread rations
 d - 2 meat rations
 r - 4 chunks of flesh


   Skills:
 - Level 4.0 Fighting
 + Level 4.3 Long Blades
 - Level 1.7 Armour
 - Level 0.8 Dodging


You had 3 spell levels left.
You didn't know any spells.

Dungeon Overview and Level Annotations

Branches:
Dungeon (3/15)

Altars:

Annotations:
D:3 Tarnath's ghost, average FoFi


Innate Abilities, Weirdness & Mutations

You are partially covered in sharp spines.
You have large cloven feet.
You tend to lose your temper in combat.
You have an increased reservoir of magic (+10% MP).


Message History

Tarnath's ghost is struck by your spines.
Tarnath's ghost hits you!
* * * LOW HITPOINT WARNING * * *
You are too injured to fight recklessly!
You hit Tarnath's ghost.
Tarnath's ghost is lightly damaged.
Tarnath's ghost is struck by your spines.
Tarnath's ghost hits you but does no damage.
Unknown command.
Unknown command.
Unknown command.
Unknown command.
Drink which item? (? for menu, Esc to quit)
It was a potion of mutation.
You feel extremely strange.
You feel a little pissed off.
You feel more energetic.
Your feet thicken and deform.
Xom is highly amused!
Tarnath's ghost hits you!
You die...
Xom snickers!

#. #...#........#
#.##...#........#######
.......................
.......#####...........
.......................
^.<#.#.#####..........)
####.# #....†......
.....# #####.†.W########
#...## .........@.......
##''##########.#########
..)....## #.....#
))......## #####.#
.........## #.#
..........## #.#
...........## #.# #
............# #.# #
............# #.# #####


You could see Tarnath's ghost.

Vanquished Creatures
  A crimson imp (D:2)
  Natasha (thrice) (D:2)
  2 adders
  A white imp (D:2)
  An ooze (D:1)
  A worm (D:2)
  An orc (D:3)
  A ball python (D:3)
  5 giant cockroaches
  3 goblins
  8 hobgoblins
  9 jackals (D:1)
  5 kobolds
  3 bats
  A giant gecko (D:2)
  4 giant newts
  A quokka (D:3)
  6 rats
56 creatures vanquished.

Notes
Turn   | Place    | Note
--------------------------------------------------------------
     0 | D:1      | Monkaria the Demonspawn Chaos Knight began the quest for the Orb.
     0 | D:1      | Reached XP level 1. HP: 18/18 MP: 1/1
    45 | D:1      | Gained mutation: You are partially covered in sharp spines. [demonic ancestry]
    45 | D:1      | Reached XP level 2. HP: 21/24 MP: 2/2
   160 | D:1      | Reached skill level 4 in Fighting
   271 | D:1      | XOM: divination: magic mapping
   293 | D:1      | XOM: divination: detect items
   305 | D:1      | Reached XP level 3. HP: 28/30 MP: 3/3
   519 | D:2      | Noticed Natasha
   526 | D:2      | Killed Natasha
   650 | D:2      | XOM: butterfly on damage
   666 | D:2      | Noticed Natasha
   671 | D:2      | Killed Natasha
   671 | D:2      | Reached XP level 4. HP: 18/37 MP: 4/4
   792 | D:2      | Noticed Natasha
   798 | D:2      | XOM: butterfly on damage
   801 | D:2      | Killed Natasha
  1099 | D:2      | XOM: harmless Air miscast
  1175 | D:2      | XOM: vitrification
  1497 | D:3      | Noticed Tarnath's ghost (average FoFi)
  1509 | D:3      | Gained mutation: You tend to lose your temper in combat. [potion of mutation]
  1509 | D:3      | Gained mutation: You have an increased reservoir of magic (+10% MP). [potion of mutation]
  1509 | D:3      | Gained mutation: You have large cloven feet. [potion of mutation]
  1509 | D:3      | Slain by Tarnath's ghost

Vault maps used:
D:1:      tarquinn_simple_flora_water_b
D:2:      first_bread, uniq_natasha
D:3:      kennysheep_big_flooded_room, nicolae_overflow_hidden_temple,
          kiku_gazebo_pond_becter, nicolae_dithmenos_through_a_glass_darkly,
          minivault_14

Action                   |  1- 3 |  4- 6 || total
-------------------------+-------+-------++-------
Melee: Falchion          |    49 |    36 ||    85
  Use: Potion            |       |     1 ||     1
  Eat: Chunk             |       |     2 ||     2
